 Dungeon Crawl Stone Soup version 0.29-a0-234-g0dae59b3db (webtiles) character file.

Game seed: 12232200686400084210

13 dolemite99 the Twirler (level 2, 0/22 HPs)
             Began as a Demonspawn Gladiator on Mar 4, 2022.
             Slain by a jackal (2 damage)
             ... on level 2 of the Dungeon.
             The game lasted 00:01:04 (950 turns).

dolemite99 the Twirler (Demonspawn Gladiator)        Turns: 950, Time: 00:01:05

Health: 0/22       AC:  6    Str: 14    XL:     2   Next: 24%
Magic:  2/2        EV: 11    Int:  9    God:
Gold:   58         SH:  0    Dex: 14    Spells: 1/1 levels left

rFire   + . .      SeeInvis .   a - +0 quarterstaff
rCold   + . .      Faith    .   (shield currently unavailable)
rNeg    . . .      Spirit   .   g - +0 ring mail
rPois   +          Reflect  .   c - +0 helmet
rElec   +          Harm     .   (no cloak)
rCorr   +          Rampage  .   (no gloves)
Will    .....                   (no boots)
Stlth   +.........              (no amulet)
HPRegen 0.07/turn               (no ring)
MPRegen 0.08/turn               (no ring)

@: brilliant, resistant
A: claws 1
a: no special abilities


You were on level 2 of the Dungeon.
You visited 1 branch of the dungeon, and saw 2 of its levels.

You collected 58 gold pieces.

Inventory:

Hand Weapons
 a - a +0 quarterstaff (weapon)
Missiles
 d - 3 throwing nets (quivered)
 k - 19 stones
Armour
 b - a +0 leather armour
 c - a +0 helmet (worn)
 g - a +0 ring mail (worn)
Jewellery
 e - a ring of poison resistance
Scrolls
 h - a scroll of fear {unknown}
 j - a scroll of fog {unknown}


   Skills:
 - Level 2.0 Fighting
 - Level 3.3 Staves
 - Level 1.7 Throwing
 - Level 2.6 Dodging
 + Level 0.4 Unarmed Combat


You had one spell level left.
You didn't know any spells.
Your spell library was empty.

Dungeon Overview and Level Annotations

Branches:
Dungeon (2/15)

Altars:


Innate Abilities, Weirdness & Mutations

You have sharp fingernails.


Message History

You are too injured to fight recklessly!
You are too injured to fight recklessly!
You are too injured to fight recklessly!
You are too injured to fight recklessly!
You are too injured to fight recklessly!
You are too injured to fight recklessly!
You are too injured to fight recklessly!
The jackal bites you but does no damage.
The jackal bites you.
There is a stone staircase leading up here.
The jackal closely misses you.
The ball python bites you but does no damage.
The ball python grabs you.
You stop ascending the stairs.
The ball python constricts you.
The jackal bites you but does no damage.
You escape the ball python's grasp.
The ball python bites you. The ball python grabs you.
The ball python constricts you.
A giant cockroach comes into view.
The jackal bites you.
* * * LOW HITPOINT WARNING * * *
The jackal bites you but does no damage.
You escape the ball python's grasp.
The jackal bites you.
* * * LOW HITPOINT WARNING * * *
The jackal barely misses you. The jackal closely misses you.
The jackal bites you but does no damage.
It was a potion of resistance.
You feel protected. The jackal barely misses you.
It was a potion of brilliance.
You feel clever all of a sudden. The jackal closely misses you.
You barely miss the jackal. The jackal closely misses you.
The jackal barely misses you.
You barely miss the jackal. The jackal bites you.
* * * LOW HITPOINT WARNING * * *
The jackal bites you but does no damage.
You closely miss the jackal. The jackal barely misses you.
The jackal bites you.
You die...

#.# .......
#.###......
#######....>.....
........<...#
##..B......##
#.####.##h.#
#.##S#.# #.##h###
..##@# ######


You could see 2 jackals and a ball python.

Vanquished Creatures
  2 ball pythons (D:1)
  2 goblins (D:1)
  A jackal (D:2)
  A quokka (D:1)
  2 frilled lizards (D:1)
  3 kobolds (D:1)
  3 rats (D:1)
14 creatures vanquished.

Notes
Turn   | Place    | Note
-------+----------+-------------------------------------------
     0 | D:1      | dolemite99 the Demonspawn Gladiator began the quest for the
                  | Orb.
     0 | D:1      | Reached XP level 1. HP: 16/16 MP: 1/1
   269 | D:1      | Reached skill level 3 in Staves
   417 | D:1      | Gained mutation: You have sharp fingernails. [demonic
                  | ancestry]
   417 | D:1      | Reached XP level 2. HP: 19/22 MP: 2/2
   950 | D:2      | Slain by a jackal

Illustrated notes

Levels and vault maps discovered:
D:1:      giann_forest_graveyard, layout_loops_ring, st_stairs_9
D:2:      minmay_evil_eye, layout_loops_ring, nrook_campfire

Skill      XL: |  1 |
---------------+----+-----
Staves         | 3 |  3.3
Fighting       | |  2.0
Throwing       | |  1.7
Dodging        | |  2.6
Unarmed Combat | |  0.4

Action                   || total
-------------------------++-------
Melee: Quarterstaff      ||    40
  Use: Potion            ||     2
Armor: Ring mail         ||    19
Dodge: Dodged            ||    28

Table legend: (Time is in decaauts)
 A = Elapsed time spent in this place.
 B = Non-inter-level travel time spent in this place.
 C = Inter-level travel time spent in this place.
 D = Time resting spent in this place.
 E = Time spent auto-exploring this place.
 F = Levels seen in this place.
 G = Mean time per level.
                   A        B        C        D        E       F      G
               +--------+--------+--------+--------+--------+-----+--------+
         Total |    955 |    901 |     54 |     25 |    727 |   2 |  477.5 |
       Dungeon |    955 |    901 |     54 |     25 |    727 |   2 |  477.5 |
               +--------+--------+--------+--------+--------+-----+--------+

Top non-repeatable levels by time:
     D:1: 936 daAuts
     D:2: 19 daAuts
